 Dungeon Crawl Stone Soup version 0.21.0-24-g2553a33 (webtiles) character file.

585 tidbits the Magician (level 7, -4/56 HPs)
             Began as a Gnoll Wanderer on Jan 20, 2018.
             Slain by a hippogriff (8 damage)
             ... on level 7 of the Dungeon.
             The game lasted 00:08:46 (1260 turns).

tidbits the Magician (Gnoll Wanderer)               Turns: 1260, Time: 00:08:47

Health: -4/56      AC:  2    Str: 14    XL:     7   Next: 37%
Magic:  18/18      EV: 18    Int: 15    God:
Gold:   184        SH:  5    Dex: 21    Spells: 15/21 levels left

rFire    . . .     SeeInvis .   a - +1 short sword (venom)
rCold    . . .     Gourm    .   D - +0 buckler
rNeg     . . .     Faith    .   B - -2 robe (curse)
rPois    .         Spirit   .   (no helmet)
rElec    .         Reflect  .   (no cloak)
rCorr    .         Harm     .   G - +1 pair of gloves
MR       .....                  (no boots)
Stlth    +++.......             (no amulet)
HPRegen  0.18/turn              (no ring)
MPRegen  0.16/turn              (no ring)

@: agile
A: distributed training, fangs 1, strong nose
a: no special abilities


You were on level 7 of the Dungeon.
You were full.

You visited 1 branch of the dungeon, and saw 7 of its levels.

You collected 184 gold pieces.

Inventory:

Hand Weapons
 a - a +1 short sword of venom (weapon)
   (You took it off a kobold on level 1 of the Dungeon)
 f - a +0 short sword
 m - a +2 falchion of holy wrath
   (You found it on level 4 of the Dungeon)
 r - a +0 great sword
Missiles
 k - 60 stones (quivered)
Armour
 d - a +0 robe
 q - a +0 buckler
 u - a +0 pair of gloves
 B - a cursed -2 robe (worn)
 D - a +0 buckler (worn)
 G - a +1 pair of gloves (worn)
Wands
 l - a wand of disintegration (12)
 n - a wand of polymorph (13)
 w - a wand of random effects (28)
Scrolls
 j - 2 scrolls of immolation
 p - 2 scrolls of teleportation
Potions
 g - a potion of cancellation
 s - a potion of curing
Books
 b - the Incunabulum of Contamination

   Spells                             Type                      Level
   a - Sting                          Conjuration/Poison           1
   b - Mephitic Cloud                 Conjuration/Poison/Air       3
 e - a book of Minor Magic

   Spells                             Type                      Level
   a - Magic Dart                     Conjuration                  1
   b - Blink                          Translocation                2
   c - Call Imp                       Summoning                    2
   d - Slow                           Hexes                        2
   e - Conjure Flame                  Conjuration/Fire             3
   f - Mephitic Cloud                 Conjuration/Poison/Air       3
 h - a book of Flames
   (You found it on level 6 of the Dungeon)

   Spells                             Type                      Level
   a - Flame Tongue                   Conjuration/Fire             1
   b - Throw Flame                    Conjuration/Fire             2
   c - Conjure Flame                  Conjuration/Fire             3
   d - Inner Flame                    Hexes/Fire                   3
   e - Sticky Flame                   Conjuration/Fire             4
   f - Fireball                       Conjuration/Fire             5
 o - a book of Cantrips
   (You found it on level 4 of the Dungeon)

   Spells                             Type                      Level
   a - Confusing Touch                Hexes                        1
   b - Animate Skeleton               Necromancy                   1
   c - Summon Small Mammal            Summoning                    1
   d - Apportation                    Translocation                1
Comestibles
 c - 4 rations


   Skills:
 + Level 5.2 Fighting
 + Level 3.5 Short Blades
 + Level 2.4 Long Blades
 + Level 2.4 Axes
 + Level 2.4 Maces & Flails
 + Level 2.4 Polearms
 + Level 2.4 Staves
 + Level 2.4 Slings
 + Level 2.4 Bows
 + Level 2.4 Crossbows
 + Level 2.4 Throwing
 + Level 2.4 Armour
 + Level 2.4 Dodging
 + Level 2.4 Stealth
 + Level 2.4 Shields
 + Level 2.4 Unarmed Combat
 + Level 7.6 Spellcasting
 + Level 2.0 Conjurations
 + Level 2.0 Hexes
 + Level 2.0 Charms
 + Level 2.0 Summonings
 + Level 2.0 Necromancy
 + Level 2.0 Translocations
 + Level 2.0 Transmutations
 + Level 2.0 Fire Magic
 + Level 2.0 Ice Magic
 + Level 2.0 Air Magic
 + Level 2.9 Earth Magic
 + Level 2.9 Poison Magic
 + Level 2.6 Invocations
 + Level 5.2 Evocations


You had 15 spell levels left.
You knew the following spells:

 Your Spells              Type           Power        Failure   Level  Hunger
a - Sting                 Conj/Pois      ##..         5%          1    None
m - Mephitic Cloud        Conj/Pois/Air  ##......     19%         3    ##.....
n - Animate Skeleton      Necr           N/A          7%          1    None
A - Apportation           Tloc           ##....       7%          1    None


Dungeon Overview and Level Annotations

Branches:
Dungeon (7/15)
 Temple: D:4-7

Altars:
Ashenzari
Dithmenos


Innate Abilities, Weirdness & Mutations

Your experience applies equally to all skills.
You have very sharp teeth.
Your uncanny sense of smell can sniff out nearby items.


Message History

You start putting on your armour.
You continue putting on your buckler. x5
You finish putting on your +0 buckler.
Adjust (i)tems, (s)pells, or (a)bilities?
Adjust which item? (? for menu, Esc to quit)
q - a +0 buckler (worn)
Adjust to which letter? (? for menu, Esc to quit)
D - a +0 buckler (worn);
q - a +0 buckler The hippogriff screeches!
You hear a blaring wail to the north.
You hear a shout!
You hear an angry hiss. x2
You hear a shout!
You hear an angry hiss. x3; You hear a shout! x8
You hear an angry hiss.
Unknown command.
Casting: Animate Skeleton
Confirm with . or Enter, or press ? or * to list all spells.
Aiming: Mephitic Cloud
Press: ? - help, Shift-Dir - straight line, f - hippogriff
Aim: a hippogriff The ball explodes into a vile cloud!
The stinking cloud engulfs the hippogriff.
The hound barks!
Something unseen opens the door.
The hippogriff is engulfed in noxious fumes.
Wield which item (- for none, * to show all)? (? for menu, Esc to quit)
Your +2 falchion of holy wrath stops glowing.
Your +1 short sword of venom begins to drip with poison!
a - a +1 short sword of venom (weapon)
A spriggan baker comes into view. It is wielding a dagger.
You hit the hippogriff.
The hippogriff is lightly wounded.
The hippogriff bites you! You block the hippogriff's attack.
The hippogriff barely misses you.
The spriggan baker is engulfed in noxious fumes.
You hit the hippogriff.
The hippogriff is poisoned.
Your bite misses the hippogriff.
The hippogriff is lightly wounded.
The hippogriff barely misses you. The hippogriff pecks you!
The hippogriff misses you.
The spriggan baker is engulfed in noxious fumes.
The spriggan baker appears confused.
It was a potion of agility.
You feel agile all of a sudden. The hippogriff barely misses you.
The hippogriff misses you. x2
Unknown command.
You hit the hippogriff but do no damage.
The hippogriff is lightly wounded.
The hound barely misses you. The hippogriff misses you. x2
The hippogriff completely misses you. You block the hound's attack.
Something hits the scorpion but does no damage.
The hound barely misses you. The hound bites you but does no damage.
You block the hound's attack.
You hit the hound.
The hound is poisoned.
The hound is moderately wounded.
The hound completely misses you.
You hit the hound.
The hound looks as sick as possible!
You bite the hound, but do no damage.
The hound is moderately wounded.
The hound bites you. x2
* * * LOW HITPOINT WARNING * * *
You miss the hound.
The hound is heavily wounded.
The hound closely misses you.
You hit the hound but do no damage.
The hound looks as sick as possible!
You bite the hound, but do no damage.
The hound is severely wounded.
You block the hound's attack.
You hit the hound but do no damage.
The hound is almost dead.
You kill the hound!
Your Conjurations skill increases to level 2!
Your Hexes skill increases to level 2!
Your Charms skill increases to level 2!
Your Summonings skill increases to level 2!
Your Necromancy skill increases to level 2!
Your Translocations skill increases to level 2!
Your Transmutations skill increases to level 2!
Your Fire Magic skill increases to level 2!
Your Ice Magic skill increases to level 2!
Your Air Magic skill increases to level 2!
You hit the hippogriff.
The hippogriff looks even sicker.
The hippogriff is moderately wounded.
The hippogriff bites you!
* * * LOW HITPOINT WARNING * * *
The hippogriff pecks you.
* * * LOW HITPOINT WARNING * * *
You block the hippogriff's attack.
Unknown command.
You puncture the hippogriff!
You bite the hippogriff, but do no damage.
The hippogriff is heavily wounded.
The hippogriff bites you.
* * * LOW HITPOINT WARNING * * *
The hippogriff misses you. The hippogriff claws you!
* * * LOW HITPOINT WARNING * * *
You hit the hippogriff.
The hippogriff looks as sick as possible!
The hippogriff is heavily wounded.
The hippogriff bites you.
* * * LOW HITPOINT WARNING * * *
The hippogriff pecks you!
You die...

........ ∆
#..#.##
#.....# ∆
#.#...####
#......#
##.....#
#.....###
##...sH.#
#....#@##
#....#..#
#....##.#
#.....#.#
#####.#<#
.#.# ...#
#..# #..#


You could see a hippogriff and a scorpion.

Vanquished Creatures
  Grinder (D:4)
  An orc warrior (D:6)
  A bullfrog (D:7)
  A crimson imp (D:7)
  A hound (D:7)
  2 iguanas (D:4)
  2 worker ants (D:5)
  A howler monkey skeleton (D:6)
  2 adders
  An ooze (D:3)
  An adder zombie (D:5)
  An adder skeleton (D:5)
  A leopard gecko (D:1)
  2 orcs (D:6)
  3 giant cockroaches
  2 hobgoblins
  3 jackals (D:3)
  2 kobolds
  2 quokkas
  2 frilled lizards
  A goblin (D:1)
  A quokka skeleton (D:6)
  A rat (D:2)
35 creatures vanquished.

Notes
Turn   | Place    | Note
-------+----------+-------------------------------------------
     0 | D:1      | tidbits the Gnoll Wanderer began the quest for the Orb.
     0 | D:1      | tidbits set off with: a book of Minor Magic, the Incunabulum of Contamination, a +0 short sword, a +0 robe, a ration
     0 | D:1      | Reached XP level 1. HP: 20/20 MP: 8/8
     0 | D:1      | Identified the Incunabulum of Contamination
     2 | D:1      | Learned a level 1 spell: Sting
    87 | D:1      | Reached skill level 2 in Earth Magic
    87 | D:1      | Reached skill level 2 in Poison Magic
    98 | D:1      | Reached XP level 2. HP: 20/26 MP: 7/10
   293 | D:3      | Reached XP level 3. HP: 19/31 MP: 7/11
   491 | D:4      | Reached skill level 1 in Invocations
   510 | D:3      | Reached skill level 1 in Long Blades
   510 | D:3      | Reached skill level 1 in Axes
   510 | D:3      | Reached skill level 1 in Maces & Flails
   510 | D:3      | Reached skill level 1 in Polearms
   510 | D:3      | Reached skill level 1 in Staves
   510 | D:3      | Reached skill level 1 in Slings
   510 | D:3      | Reached skill level 1 in Bows
   510 | D:3      | Reached skill level 1 in Crossbows
   510 | D:3      | Reached skill level 1 in Throwing
   510 | D:3      | Reached skill level 1 in Armour
   510 | D:3      | Reached skill level 1 in Dodging
   510 | D:3      | Reached skill level 1 in Stealth
   510 | D:3      | Reached skill level 1 in Shields
   510 | D:3      | Reached skill level 1 in Unarmed Combat
   548 | D:5      | Entered Level 5 of the Dungeon
   579 | D:4      | Learned a level 1 spell: Apportation
   581 | D:4      | Learned a level 1 spell: Animate Skeleton
   612 | D:4      | Found a shattered altar of Ashenzari.
   682 | D:4      | Noticed Grinder
   686 | D:4      | Killed Grinder
   686 | D:4      | Reached skill level 3 in Short Blades
   686 | D:4      | Reached skill level 1 in Conjurations
   686 | D:4      | Reached skill level 1 in Hexes
   686 | D:4      | Reached skill level 1 in Charms
   686 | D:4      | Reached skill level 1 in Summonings
   686 | D:4      | Reached skill level 1 in Necromancy
   686 | D:4      | Reached skill level 1 in Translocations
   686 | D:4      | Reached skill level 1 in Transmutations
   686 | D:4      | Reached skill level 1 in Fire Magic
   686 | D:4      | Reached skill level 1 in Ice Magic
   686 | D:4      | Reached skill level 1 in Air Magic
   686 | D:4      | Reached skill level 2 in Invocations
   686 | D:4      | Reached XP level 4. HP: 38/38 MP: 13/13
   686 | D:4      | Reached XP level 5. HP: 43/43 MP: 14/14
   686 | D:4      | Reached XP level 6. HP: 50/50 MP: 16/16
   768 | D:5      | Found a shadowy altar of Dithmenos.
   815 | D:5      | Reached skill level 5 in Fighting
   815 | D:5      | Reached skill level 5 in Evocations
   838 | D:5      | Reached skill level 2 in Long Blades
   838 | D:5      | Reached skill level 2 in Axes
   838 | D:5      | Reached skill level 2 in Maces & Flails
   838 | D:5      | Reached skill level 2 in Polearms
   838 | D:5      | Reached skill level 2 in Staves
   838 | D:5      | Reached skill level 2 in Slings
   838 | D:5      | Reached skill level 2 in Bows
   838 | D:5      | Reached skill level 2 in Crossbows
   838 | D:5      | Reached skill level 2 in Throwing
   838 | D:5      | Reached skill level 2 in Armour
   838 | D:5      | Reached skill level 2 in Dodging
   838 | D:5      | Reached skill level 2 in Stealth
   838 | D:5      | Reached skill level 2 in Shields
   838 | D:5      | Reached skill level 2 in Unarmed Combat
   936 | D:6      | Noticed an orc warrior
   952 | D:6      | Killed an orc warrior
   952 | D:6      | Reached XP level 7. HP: 37/56 MP: 18/18
   991 | D:7      | Noticed a hippogriff
   998 | D:6      | Learned a level 3 spell: Mephitic Cloud
  1243 | D:7      | Noticed a spriggan baker
  1257 | D:7      | Reached skill level 2 in Conjurations
  1257 | D:7      | Reached skill level 2 in Hexes
  1257 | D:7      | Reached skill level 2 in Charms
  1257 | D:7      | Reached skill level 2 in Summonings
  1257 | D:7      | Reached skill level 2 in Necromancy
  1257 | D:7      | Reached skill level 2 in Translocations
  1257 | D:7      | Reached skill level 2 in Transmutations
  1257 | D:7      | Reached skill level 2 in Fire Magic
  1257 | D:7      | Reached skill level 2 in Ice Magic
  1257 | D:7      | Reached skill level 2 in Air Magic
  1260 | D:7      | HP: 4/56 [hippogriff (5)]
  1260 | D:7      | Slain by a hippogriff

Skill      XL: |  1  2  3  4  5  6  7 |
---------------+----------------------+-----
Earth Magic    | 2 |  2.9
Poison Magic   | 2 |  2.9
Invocations    | 2 |  2.6
Long Blades    | 1 2 |  2.4
Axes           | 1 2 |  2.4
Maces & Flails | 1 2 |  2.4
Polearms       | 1 2 |  2.4
Staves         | 1 2 |  2.4
Slings         | 1 2 |  2.4
Bows           | 1 2 |  2.4
Crossbows      | 1 2 |  2.4
Throwing       | 1 2 |  2.4
Armour         | 1 2 |  2.4
Dodging        | 1 2 |  2.4
Stealth        | 1 2 |  2.4
Shields        | 1 2 |  2.4
Unarmed Combat | 1 2 |  2.4
Short Blades   | 3 |  3.5
Conjurations   | 1 2 |  2.0
Hexes          | 1 2 |  2.0
Charms         | 1 2 |  2.0
Summonings     | 1 2 |  2.0
Necromancy     | 1 2 |  2.0
Translocations | 1 2 |  2.0
Transmutations | 1 2 |  2.0
Fire Magic     | 1 2 |  2.0
Ice Magic      | 1 2 |  2.0
Air Magic      | 1 2 |  2.0
Fighting       | 5 |  5.2
Evocations     | 5 |  5.2
Spellcasting   | |  7.6

Action                   |  1- 3 |  4- 6 |  7- 9 || total
-------------------------+-------+-------+-------++-------
Melee: Short sword       |    46 |    29 |    22 ||    97
       Bite              |     3 |     3 |     9 ||    15
       Falchion          |       |    10 |     8 ||    18
 Cast: Sting             |    17 |       |       ||    17
       Mephitic Cloud    |       |       |     1 ||     1
       Animate Skeleton  |       |       |     1 ||     1
Evoke: Wand              |     2 |     1 |       ||     3
  Use: Scroll            |     1 |       |     6 ||     7
       Potion            |     2 |     2 |     2 ||     6
 Stab: Sleeping          |     1 |       |     3 ||     4
  Eat: Ration            |     1 |     1 |       ||     2
Armor: Robe              |    10 |     6 |     2 ||    18
       Skin              |       |     2 |       ||     2
Dodge: Dodged            |    27 |    18 |    26 ||    71
Block: Buckler           |     1 |     6 |     6 ||    13
       Rpst.: Falchion   |       |     1 |     2 ||     3

Table legend:
 A = Turns spent in this place as a percentage of turns spent in the entire game.
 B = Non-inter-level travel turns spent in this place as a percentage of non-inter-level travel turns spent in the entire game.
 C = Inter-level travel turns spent in this place as a percentage of turns spent in this place.
 D = Turns resting spent in this place as a percentage of non-inter-level travel turns spent in this place.
 E = Turns spent auto-exploring this place as a percentage of non-inter-level travel turns spent in this place.
 F = Non-inter-level travel turns spent in this place divided by the number of levels of this place that you've seen.
                   A       B       C       D       E      F
               +-------+-------+-------+-------+-------+----------------------
         Total | 100.0 | 100.0 |   2.0 |   0.0 |   0.0 | 176.4
       Dungeon | 100.0 | 100.0 |   2.0 |   0.0 |   0.0 | 176.4
               +-------+-------+-------+-------+-------+----------------------

Table legend:
 A = Kills in this place as a percentage of kills in entire the game.
 B = Kills by you in this place as a percentage of kills by you in the entire game.
 C = Kills by friends in this place as a percentage of kills by friends in the entire game.
 D = Other kills in this place as a percentage of other kills in the entire game.
 E = Experience gained in this place as a percentage of experience gained in the entire game.
 F = Experience gained in this place divided by the number of levels of this place that you have seen.
                   A       B       C       D       E      F
               +-------+-------+-------+-------+-------+----------------------
         Total | 100.0 | 100.0 |   N/A |   N/A | 100.0 | 119.4
       Dungeon | 100.0 | 100.0 |   N/A |   N/A | 100.0 | 119.4
               +-------+-------+-------+-------+-------+----------------------

Vault maps used:
D:1:      dpeg_arrival_long_road
D:2:      uniq_robin
D:3:      grunt_temple_overflow_diamond
D:4:      ashenzari_conservatory_becter, portal_sewer_entry_d, kennysheep_dice,
          uniq_grinder, uniq_pikel
D:5:      first_ration, basic_altar, minmay_misc_feat_alley, uniq_sigmund
D:7:      minmay_temple_entry_purple_smoke, the_bakery,
          nicolae_ru_great_annihilating_truth
